AoeStats
← Leão

Socotra

505567948Analyzed
4v4 RM · 22d ago on Sep 10, 2026· 36m 17s· 8 players
Game mode
Random Map
Map size
148×148
Population
200
Speed
Normal
Resources
Standard
Victory
Conquest
Starting age
Dark Age
Ending age
Imperial Age
RankedLock teamsTeams togetherTeam positionsShared explorationLock speedFull tech treeHidden civsTurbo modeCheats
Victory
Defeat
🇧🇷 Franks · Brazil
1292
+12
🇧🇷 Bulgarians · Brazil
1283
+12
🇲🇦 Persians · Morocco
1256
+13
🇧🇷 Ethiopians · Brazil
1182
+16
🇧🇷 Spanish · Brazil
1262
-15
🇦🇷 Persians · Argentina
1207
-14
🇦🇷 Magyars · Argentina
1207
-14
🇨🇱 Koreans · Chile
1119
-10
Nitsuga
11:33 Feudal Age
12:42 Loom
16:24 Castle Age
17:21 Double-Bit Axe
17:17 Horse Collar
24:21 Town Watch
25:12 Wheelbarrow
24:46 Scale Barding Armor
24:59 Bloodlines
26:41 Chain Barding Armor
25:53 Light Cavalry
34:53 Husbandry
SeNSei;
1:45 Loom
10:57 Feudal Age
11:45 Double-Bit Axe
11:41 Horse Collar
22:54 Castle Age
22:59 Fletching
26:53 Wheelbarrow
28:13 Bodkin Arrow
29:56 Forging
31:09 Scale Mail Armor
34:25 Bow Saw
34:16 Heavy Plow
Rōnin
7:45 Loom
10:13 Feudal Age
10:52 Double-Bit Axe
19:54 Fletching
20:39 Gold Mining
25:27 Castle Age
23:29 Horse Collar
24:03 Padded Archer Armor
26:05 Scale Barding Armor
27:15 Chain Barding Armor
26:55 Town Watch
29:06 Forging
30:53 Bow Saw
33:01 Wheelbarrow
32:43 Husbandry
33:16 Bloodlines
GranateCampeón
0:42 Loom
10:07 Feudal Age
10:31 Town Watch
10:33 Double-Bit Axe
13:37 Horse Collar
16:58 Scale Barding Armor
17:03 Forging
22:59 Castle Age
21:14 Bloodlines
21:01 Gold Mining
24:25 Gold Shaft Mining
23:51 Heavy Plow
24:01 Bow Saw
24:41 Wheelbarrow
24:31 Husbandry
25:21 Light Cavalry
29:27 Chain Barding Armor
29:42 Iron Casting
29:28 Chain Barding Armor
29:43 Iron Casting
34:21 Stone Mining
No-One-Knows-Me
10:11 Feudal Age
15:37 Castle Age
13:45 Double-Bit Axe
13:45 Horse Collar
15:04 Gold Mining
16:46 Bow Saw
17:45 Heavy Plow
23:11 Scale Barding Armor
25:58 Gold Shaft Mining
25:41 Forging
27:10 Wheelbarrow
28:20 Hand Cart
31:14 Loom
32:00 Chain Barding Armor
34:34 Imperial Age
33:34 Husbandry
34:22 Cavalier
35:57 Plate Barding Armor
Leão
5:57 Loom
11:20 Feudal Age
11:58 Double-Bit Axe
13:53 Horse Collar
17:26 Forging
17:49 Arson
18:29 Padded Archer Armor
18:32 Scale Mail Armor
23:24 Castle Age
24:03 Gambesons
24:42 Bow Saw
25:43 Iron Casting
27:32 Chain Mail Armor
29:32 Squires
30:11 Fletching
32:55 Pikeman
[Rz] TK_puxa
7:00 Loom
9:06 Feudal Age
9:53 Double-Bit Axe
13:22 Forging
21:16 Castle Age
20:19 Scale Barding Armor
20:52 Gold Mining
22:09 Husbandry
22:35 Bow Saw
28:04 Gold Shaft Mining
28:51 Iron Casting
31:11 Wheelbarrow
33:27 Chain Barding Armor
34:16 Stone Mining
36:56 Hand Cart
36:26 Town Watch
[RZ] rj.renan
2:03 Loom
9:26 Feudal Age
10:37 Double-Bit Axe
13:24 Fletching
13:58 Padded Archer Armor
19:49 Gold Mining
20:03 Town Watch
23:44 Castle Age
24:21 Bodkin Arrow
24:41 Leather Archer Armor
23:53 Crossbowman
29:25 Thumb Ring
Connection lost

Rejoining the realm…

Still unreachable

The connection could not be restored.

Session expired

The server has moved on; the page needs a fresh start.